 Dungeon Crawl Stone Soup version 0.20.1-1-g8b1a95d (webtiles) character file.

119 polve the Sneak (level 5, -2/30 HPs)
             Began as a Kobold Assassin on Aug 8, 2017.
             Slain by an adder (5 damage)
             ... on level 3 of the Dungeon.
             The game lasted 00:02:49 (1994 turns).

polve the Sneak (Kobold Assassin)                   Turns: 1994, Time: 00:02:49

Health: -2/30      AC:  4    Str: 13    XL:     5   Next: 24%
Magic:  5/5        EV: 14    Int: 12    God:
Gold:   68         SH:  0    Dex: 16    Spells: 4/4 levels left

rFire    . . .     SeeInvis .   j - +1 dagger (drain)
rCold    . . .     Gourm    .   (shield restricted)
rNeg     . . .     Faith    .   c - +0 robe
rPois    .         Spirit   .   (no helmet)
rElec    .         Reflect  .   d - +1 cloak
rCorr    .         Harm     .   (no gloves)
MR       .....                  (no boots)
Stlth    ++++......             (no amulet)
Regen    0.1/turn               l - +3 ring of strength
MPRegen  0.1/turn               (no ring)

@: lethally poisoned (-2 -> -5)
A: carnivore 3
a: no special abilities


You were on level 3 of the Dungeon.
You were completely stuffed.

You visited 1 branch of the dungeon, and saw 3 of its levels.

You collected 68 gold pieces.

Inventory:

Hand Weapons
 b - a +0 blowgun
 j - a +1 dagger of draining (weapon)
 r - a +1 dagger of speed
Missiles
 e - 8 poisoned needles
 f - 7 curare-tipped needles
Armour
 c - a +0 robe (worn)
 d - a +1 cloak (worn)
Jewellery
 l - a +3 ring of strength (left hand)
Scrolls
 a - a scroll of blinking {unknown}
 h - a scroll of fog
 k - a scroll of recharging {unknown}
 n - a scroll of enchant weapon {unknown}
 s - a scroll of teleportation {unknown}
Potions
 i - a potion of heal wounds {unknown}
 m - 2 potions of lignification {unknown}
 o - 2 potions of ambrosia {unknown}
 q - a potion of might {unknown}
Comestibles
 g - 2 meat rations
 p - a chunk of flesh


   Skills:
 - Level 2.1 Fighting
 + Level 5.2 Short Blades
 - Level 2.1 Throwing
 - Level 1.2 Dodging
 + Level 7.0 Stealth


You had 4 spell levels left.
You didn't know any spells.

Dungeon Overview and Level Annotations

Branches:
Dungeon (3/15)

Altars:
Elyvilon
Yredelemnul

Annotations:
D:3 Jessica


Innate Abilities, Weirdness & Mutations

You are small and have problems with some larger weapons.
You are carnivorous and can eat meat at any time.


Message History

* * * LOW HITPOINT WARNING * * *
The orc closely misses you. The adder bites you.
* * * LOW HITPOINT WARNING * * *
You are too injured to fight recklessly!
You are too injured to fight recklessly!
You are too injured to fight recklessly!
You are too injured to fight recklessly!
Jessica looks very angry.
You feel sick.
Jessica mumbles some strange words.
Jessica seems to speed up.
The adder closely misses you.
You feel sick.
The orc throws a tomahawk.
The tomahawk misses you.
You see here 16 gold pieces.
You feel sick. The adder closely misses you.
You feel sick. The adder bites you.
* * * LOW HITPOINT WARNING * * *
There is a stone staircase leading up here.
The adder bites you.
You die...

.... ..... ..... #####
.....##### #...#
.(..Kl..o###.).#
.o....##.oo....#
...ooh..###$..!#
...o@##$@###oo.### ....
#...@.o.oS@#############
....S...#.Ko...#.......)......
...>>.######.........#########
...### #...#####รท.# # ###.#
##..# #... #.... ###.. #####
#.


You could see an orc wizard, an adder, Jessica, 6 orcs and a kobold.

Vanquished Creatures
  5 gnolls
  3 adders
  A dart slug (D:1)
  A leopard gecko (D:2)
  2 giant cockroaches
  5 goblins
  4 hobgoblins
  4 jackals
  6 kobolds
  A quokka (D:2)
  A ball python (D:1)
  2 bats (D:1)
  4 frilled lizards (D:1)
  6 rats
45 creatures vanquished.

Vanquished Creatures (others)
  A bat (D:2)
1 creature vanquished.

Grand Total: 46 creatures vanquished

Notes
Turn   | Place    | Note
-------+----------+-------------------------------------------
     0 | D:1      | polve the Kobold Assassin began the quest for the Orb.
     0 | D:1      | Reached XP level 1. HP: 12/12 MP: 1/1
    60 | D:1      | Reached XP level 2. HP: 7/17 MP: 2/2
   423 | D:1      | Reached skill level 6 in Stealth
   423 | D:1      | Reached XP level 3. HP: 11/21 MP: 3/3
  1107 | D:2      | Found a white marble altar of Elyvilon.
  1170 | D:2      | Reached XP level 4. HP: 26/26 MP: 4/4
  1247 | D:2      | Found a basalt altar of Yredelemnul.
  1604 | D:2      | Reached skill level 5 in Short Blades
  1604 | D:2      | Reached XP level 5. HP: 30/30 MP: 5/5
  1958 | D:3      | Reached skill level 7 in Stealth
  1981 | D:3      | Noticed Jessica
  1994 | D:3      | Slain by an adder

Skill      XL: |  1  2  3  4  5 |
---------------+----------------+-----
Short Blades   | 3 4 5 |  5.2
Stealth        | 6 7 |  7.0
Fighting       | |  2.1
Throwing       | |  2.1
Dodging        | |  1.2

Action                   |  1- 3 |  4- 6 || total
-------------------------+-------+-------++-------
Melee: Dagger            |    84 |    42 ||   126
 Fire: Blowgun           |     5 |       ||     5
  Use: Scroll            |       |     4 ||     4
 Stab: Sleeping          |     5 |     5 ||    10
  Eat: Chunk             |     9 |     3 ||    12
Armor: Robe              |    14 |     5 ||    19
Dodge: Dodged            |    36 |    27 ||    63
